[Event "FIDE CB Open 2022"]
[Site "Ceske Budejovice"]
[Date "2022.07.02"]
[Round "2.13"]
[White "Palchuk, Andrii"]
[Black "Hurtik, Matej"]
[Result "0-1"]
[ECO "A43"]
[WhiteElo "2248"]
[BlackElo "2018"]
[Annotator "TA"]
[PlyCount "87"]
[EventDate "2022.07.01"]
[EventType "swiss"]
[EventCountry "CZE"]
[SourceTitle "playchess.com"]
[Source "ChessBase"]
[SourceQuality "1"]
[TimeControl "40/5400+30:1800+30"]

1. d4 c5 2. d5 e6 3. e4 Nf6 4. Nc3 d6 5. Be2 Be7 6. Nf3 O-O 7. O-O exd5 8. exd5 Bg4 {[%emt 0:00:43] A43: Schmid Benoni.} 9. Nd2 Bxe2 10. Qxe2 Na6 {[%emt 0:00:51] [#] The position is equal.} 11. Nc4 $146 ({Predecessor:} 11. Nce4 Nc7 12. Qd3 Nxe4 13. Nxe4 f5 14. Nd2 b5 15. c4 a6 16. Rb1 Qd7 17. b3 {1-0 (39) Vavrak,P (2210)-Biolek,R (2425) Frydek Mistek 1998}) 11... Nc7 12. Ne3 Qd7 {[%emt 0:05:08] Inhibits Nf5.} 13. a4 Rfe8 14. Qf3 Bf8 15. h3 Re5 (15... Qe7 $14 {should be considered.}) 16. b3 $16 Rae8 17. Bb2 Ne4 18. Nxe4 Rxe4 19. Nf5 f6 20. Ng3 R4e7 21. Nh5 Re2 22. Rac1 Qf7 23. Rfd1 $36 {[%emt 0:01:12][%mdl 2048] Black is under strong pressure.} b5 (23... R2e7 $142) 24. Ng3 R2e7 25. axb5 Nxb5 26. Ra1 Qg6 27. Rdc1 Nd4 (27... Qg5 $16 {is a better defense.} 28. Rd1 Rb7) 28. Bxd4 $18 cxd4 29. Nf5 Re4 {[%emt 0:00:39] [#]} 30. Rd1 $1 (30. Rxa7 $2 Qg5 31. Rd1 Rf4 32. Qxf4 Qxf4 $19) 30... R8e5 31. Ng3 Rh4 32. Qd3 (32. Rxa7 $6 Qxc2 33. Kh2 Qc5 $14) 32... Qf7 (32... Rxd5 $16 {was necessary.} 33. Rxa7 Qxd3 34. cxd3 (34. Rxd3 Rc5 $16) 34... f5) 33. Qa6 (33. Nf5 $18 {is the precise move to win.} Rh5 34. Nxd4) 33... Qxd5 $16 34. Qxa7 Qc6 35. Rd2 (35. Rxd4 $6 Rxd4 36. Qxd4 Qxc2 $11) (35. Ra2 $16) 35... Qc3 36. Rad1 d5 37. Ne2 (37. Qd7 $16) 37... Qc8 $1 $11 38. Kh2 Rf4 $2 39. Ng3 $2 (39. Nxf4 $18 Bd6 40. Kg1) 39... Bb4 40. Rd3 $2 (40. Rxd4 $2 Bc5 41. Qxc5 Qxc5 $19) (40. Re2 $11) 40... Ba3 $4 41. Rb1 $4 (41. Qxa3 $18 {was the only winning move.} Rxf2 42. R3d2 Rxd2 43. Rxd2) 41... Qe8 $4 42. Kh1 $2 ({Don't do} 42. Qxa3 Rxf2 43. Qc5 Qe7 44. Qc8+ Qf8 $18) (42. b4 $18) 42... Rh4 $2 43. b4 Qb5 (43... Re1+ $142 44. Rxe1 Qxe1+ 45. Kh2 Bc1) 44. Kg1 {[%emt 0:00:30][%mdl 32768] Weighted Error Value: White=0.62/Black=0.88. Sensor Board Error (Ke4/e5)?} (44. Rxa3 $142 d3 45. cxd3) 0-1

[Event "FIDE CB Open 2022"]
[Site "Ceske Budejovice"]
[Date "2022.07.02"]
[Round "2.14"]
[White "Puncochar, Jiri"]
[Black "Domalchuk-Jonasson, Aleksandr"]
[Result "0-1"]
[ECO "C07"]
[WhiteElo "2020"]
[BlackElo "2244"]
[Annotator "RC"]
[PlyCount "138"]
[EventDate "2022.07.01"]
[EventType "swiss"]
[EventCountry "CZE"]
[SourceTitle "playchess.com"]
[Source "ChessBase"]
[SourceQuality "1"]
[TimeControl "40/5400+30:1800+30"]

1. e4 e6 2. d4 d5 3. Nd2 c5 4. exd5 Qxd5 5. Ngf3 cxd4 6. Bc4 Qd7 7. O-O Nc6 8. Nb3 a6 9. Nbxd4 Nxd4 10. Qxd4 Qxd4 11. Nxd4 Bd7 12. Be3 Rc8 13. Bb3 Bc5 14. c3 Nf6 15. Rad1 O-O 16. h3 b5 17. Nc2 Be7 18. Bd4 Bc6 19. Be5 Ne4 20. Nd4 Be8 21. a3 Nc5 22. Ba2 Na4 23. Rd2 Nb6 24. Re2 Nc4 25. Bg3 Bd7 26. Bb1 Bf6 27. Rd1 Rfd8 28. Be4 Bc6 29. Bd3 Bb7 30. Bxc4 Rxc4 31. Be5 Be7 32. Red2 Rcc8 33. Nb3 Rxd2 34. Rxd2 Bd5 35. Nd4 f6 36. Bf4 Bf8 37. Be3 Kf7 38. f3 h5 39. h4 g6 40. Kf2 Ke8 41. Nc2 Bc4 42. Nd4 Rb8 43. Ne2 Bd5 44. Nf4 Bc6 45. Nd3 Kf7 46. g3 Be7 47. Nc5 e5 48. Nb3 Rc8 49. Nc1 Ke6 50. Nd3 Bb7 51. Ke2 g5 52. hxg5 fxg5 53. Nf2 Rf8 54. Ne4 g4 55. Nc5+ Bxc5 56. Bxc5 Rxf3 57. Rd6+ Kf5 58. Bf2 Ke4 59. Rd1 Bc6 60. Kf1 Bd5 61. Kg2 h4 62. Kg1 h3 63. Be1 Bc6 64. Rc1 Rd3 65. Rc2 Kd5 66. Re2 Kc4 67. Bf2 e4 68. Kh2 Rd1 69. Bg1 e3 0-1

[Event "FIDE CB Open 2022"]
[Site "Ceske Budejovice"]
[Date "2022.07.02"]
[Round "2.25"]
[White "Matras, Ondrej"]
[Black "Zezula, Jakub"]
[Result "1/2-1/2"]
[ECO "D52"]
[WhiteElo "2229"]
[BlackElo "1831"]
[Annotator "RC"]
[PlyCount "78"]
[EventDate "2022.07.01"]
[EventType "swiss"]
[EventCountry "CZE"]
[SourceTitle "playchess.com"]
[Source "ChessBase"]
[SourceQuality "1"]
[TimeControl "40/5400+30:1800+30"]

1. d4 d5 2. c4 c6 3. Nf3 Nf6 4. Nc3 e6 5. Bg5 Nbd7 6. e3 Qa5 7. Nd2 Bb4 8. Qc1 dxc4 9. Bxf6 Nxf6 10. Nxc4 Qc7 11. a3 Be7 12. Bd3 O-O 13. Qc2 b6 14. Ne5 Bb7 15. Ne4 h6 16. O-O Rac8 17. Rac1 Rfd8 18. f4 c5 19. f5 exf5 20. Rxf5 Nxe4 21. Bxe4 Bf6 22. Nf3 cxd4 23. Qxc7 Rxc7 24. Rxc7 Bxe4 25. Rxf6 dxe3 26. Kf1 gxf6 27. Ke2 Bxf3+ 28. gxf3 Rd2+ 29. Kxe3 Rxb2 30. Rxa7 Rxh2 31. Rb7 Ra2 32. Rxb6 Rxa3+ 33. Kf4 Kg7 34. Kg4 Ra4+ 35. f4 h5+ 36. Kf3 Ra3+ 37. Kg2 h4 38. Rb5 h3+ 39. Kh2 Kg6 1/2-1/2

[Event "FIDE CB Open 2022"]
[Site "Ceske Budejovice"]
[Date "2022.07.02"]
[Round "2.26"]
[White "Travnicek, Jaroslav"]
[Black "Abdulla, Khayala"]
[Result "0-1"]
[ECO "B22"]
[WhiteElo "1730"]
[BlackElo "2207"]
[Annotator "RC"]
[PlyCount "66"]
[EventDate "2022.07.01"]
[EventType "swiss"]
[EventCountry "CZE"]
[SourceTitle "playchess.com"]
[Source "ChessBase"]
[SourceQuality "1"]
[TimeControl "40/5400+30:1800+30"]

1. e4 c5 2. c3 e6 3. d4 d5 4. dxc5 Bxc5 5. Bb5+ Nc6 6. exd5 exd5 7. Qe2+ Nge7 8. Nf3 O-O 9. O-O Bg4 10. Qd3 Qd6 11. h3 Bf5 12. Qd1 Rad8 13. Nbd2 a6 14. Bxc6 bxc6 15. Nb3 Bb6 16. Nbd4 Be4 17. Bg5 f6 18. Bh4 c5 19. Bg3 Qd7 20. Nb3 Ng6 21. Nbd2 f5 22. Ne5 Nxe5 23. Bxe5 Qe6 24. Bf4 Qg6 25. Nxe4 fxe4 26. Bg3 Rf5 27. Qe2 c4 28. Kh1 Re8 29. Qg4 Qxg4 30. hxg4 Rg5 31. Rad1 Rxg4 32. Rxd5 e3 33. Re1 Re6 0-1

[Event "FIDE CB Open 2022"]
[Site "Ceske Budejovice"]
[Date "2022.07.02"]
[Round "2.27"]
[White "Mostbauer, Maximilian"]
[Black "Svoboda, Petr"]
[Result "1-0"]
[ECO "A07"]
[WhiteElo "2192"]
[BlackElo "2088"]
[Annotator "RC"]
[PlyCount "91"]
[EventDate "2022.07.01"]
[EventType "swiss"]
[EventCountry "CZE"]
[SourceTitle "playchess.com"]
[Source "ChessBase"]
[SourceQuality "1"]
[TimeControl "40/5400+30:1800+30"]

1. Nf3 d5 2. b3 Nf6 3. g3 Bf5 4. Bg2 e6 5. Bb2 Nbd7 6. O-O h6 7. d3 Be7 8. Nbd2 c6 9. Ne5 O-O 10. e4 Bh7 11. Nxd7 Nxd7 12. f4 dxe4 13. dxe4 a5 14. a4 Re8 15. Nc4 Nc5 16. Qg4 Bf8 17. Rad1 Qe7 18. Qe2 Red8 19. Rxd8 Rxd8 20. e5 Qc7 21. Bc3 b6 22. Be1 Be7 23. Bf2 b5 24. Nd6 Bxd6 25. exd6 Qxd6 26. axb5 cxb5 27. Qxb5 Ne4 28. Qxa5 Nxf2 29. Rxf2 Qd1+ 30. Bf1 Be4 31. Qc5 Rd2 32. Rxd2 Qxd2 33. c3 Qd1 34. Qe3 Bf5 35. b4 Qa1 36. Kf2 Qb2+ 37. Kg1 Qa1 38. Kf2 Qb2+ 39. Be2 Bg4 40. b5 Bxe2 41. Qxe2 Qxc3 42. b6 Qc2 43. Kg2 Qc6+ 44. Kh3 Qb5 45. Qf2 g5 46. g4 1-0

[Event "FIDE CB Open 2022"]
[Site "Ceske Budejovice"]
[Date "2022.07.02"]
[Round "2.28"]
[White "Musil, Vitezslav"]
[Black "Koch-Muller, Oscar"]
[Result "1/2-1/2"]
[ECO "C10"]
[WhiteElo "1834"]
[BlackElo "2115"]
[Annotator "NA RC"]
[PlyCount "62"]
[EventDate "2022.07.01"]
[EventType "swiss"]
[EventCountry "CZE"]
[SourceTitle "playchess.com"]
[Source "ChessBase"]
[SourceQuality "1"]
[TimeControl "40/5400+30:1800+30"]

1. e4 e6 2. d4 d5 3. Nc3 Be7 4. Nf3 Nf6 5. Bd3 c5 6. exd5 exd5 7. O-O O-O 8. dxc5 Bg4 9. h3 Bh5 10. Bg5 Nbd7 11. Rb1 Nxc5 12. Bxf6 Bxf6 13. Nxd5 Nxd3 14. Qxd3 Rc8 15. Qb3 b6 16. c4 Bxf3 17. Qxf3 Rxc4 18. Nxf6+ Qxf6 19. Qxf6 gxf6 20. Rfe1 Rd8 21. Re3 Rd2 22. Rf3 Rcc2 23. b3 Rxa2 24. Rxf6 Kg7 25. Rf3 a5 26. Rc1 Rd7 27. Rc4 Ra3 28. Rg4+ Kf8 29. Rh4 Kg7 30. Rg4+ Kf8 31. Rh4 Kg7 1/2-1/2

[Event "FIDE CB Open 2022"]
[Site "Ceske Budejovice"]
[Date "2022.07.02"]
[Round "2.29"]
[White "Hrbek, Jachym"]
[Black "Sykora, Ondrej"]
[Result "0-1"]
[ECO "C53"]
[WhiteElo "1695"]
[BlackElo "2099"]
[Annotator "NA RC"]
[PlyCount "84"]
[EventDate "2022.07.01"]
[EventType "swiss"]
[EventCountry "CZE"]
[SourceTitle "playchess.com"]
[Source "ChessBase"]
[SourceQuality "1"]
[TimeControl "40/5400+30:1800+30"]

1. e4 e5 2. Nf3 Nc6 3. Bc4 Bc5 4. c3 d6 5. d4 exd4 6. cxd4 Bb6 7. Bb5 Bd7 8. Nc3 Nge7 9. O-O O-O 10. h3 h6 11. Re1 Qc8 12. Bf4 Ng6 13. Bh2 Nce7 14. Bc4 Be6 15. d5 Bd7 16. Bf1 Qd8 17. Qd2 Re8 18. Rad1 Nc8 19. Nd4 Qf6 20. Kh1 a6 21. f4 Nxf4 22. Bxf4 Bxd4 23. Qxd4 Qxf4 24. Re3 Nb6 25. Be2 Qe5 26. Qxe5 Rxe5 27. Rf3 Be8 28. Rdf1 f6 29. Rf4 Bg6 30. Bg4 Rae8 31. Be6+ Bf7 32. Bxf7+ Kxf7 33. b3 c6 34. dxc6 bxc6 35. g4 Rc5 36. R4f3 h5 37. Kg2 hxg4 38. hxg4 Nd7 39. Rg3 Ree5 40. Rd1 Ke7 41. Rgd3 Rg5 42. Rxd6 g6 0-1

[Event "FIDE CB Open 2022"]
[Site "Ceske Budejovice"]
[Date "2022.07.02"]
[Round "2.30"]
[White "Vojtek, Pavel"]
[Black "Hrbolka, Ladislav"]
[Result "1/2-1/2"]
[ECO "D79"]
[WhiteElo "1711"]
[BlackElo "2164"]
[Annotator "RC"]
[PlyCount "80"]
[EventDate "2022.07.01"]
[EventType "swiss"]
[EventCountry "CZE"]
[SourceTitle "playchess.com"]
[Source "ChessBase"]
[SourceQuality "1"]
[TimeControl "40/5400+30:1800+30"]

1. c4 Nf6 2. g3 g6 3. Bg2 c6 4. Nf3 Bg7 5. O-O O-O 6. Nc3 d5 7. cxd5 cxd5 8. d4 Nc6 9. Bf4 Nh5 10. Be3 e6 11. Qd2 Bd7 12. Bh6 Nf6 13. Bxg7 Kxg7 14. Rfc1 Rc8 15. Na4 Ne4 16. Qd1 b6 17. b3 Qf6 18. e3 g5 19. Qe2 Rfd8 20. Nd2 Nd6 21. Nb2 Nb4 22. a4 Rxc1+ 23. Rxc1 Rc8 24. Rxc8 Bxc8 25. Nf3 a5 26. Ne5 Qf5 27. Qd1 Ne4 28. Qf3 Qxf3 29. Bxf3 f6 30. Bxe4 fxe5 31. Bb1 exd4 32. exd4 Nc6 33. Nd3 Ba6 34. Ne5 Nxd4 35. Nd7 Nxb3 36. Nxb6 Nc5 37. Bc2 Bb7 38. Kf1 h6 39. Ke2 Kf6 40. Kf3 Ke7 1/2-1/2

[Event "FIDE CB Open 2022"]
[Site "Ceske Budejovice"]
[Date "2022.07.02"]
[Round "2.31"]
[White "Zilavy, Jan"]
[Black "Shirinyan, Daniel"]
[Result "1-0"]
[ECO "E92"]
[WhiteElo "2090"]
[BlackElo "1876"]
[Annotator "NA RC"]
[PlyCount "45"]
[EventDate "2022.07.01"]
[EventType "swiss"]
[EventCountry "CZE"]
[SourceTitle "playchess.com"]
[Source "ChessBase"]
[SourceQuality "1"]
[TimeControl "40/5400+30:1800+30"]

1. d4 Nf6 2. c4 g6 3. Nc3 Bg7 4. e4 d6 5. Nf3 O-O 6. Be2 e5 7. Be3 exd4 8. Nxd4 Re8 9. f3 c6 10. Qd2 d5 11. exd5 cxd5 12. O-O Nc6 13. c5 Rxe3 14. Qxe3 Qf8 15. Nxc6 bxc6 16. Kh1 Rb8 17. Na4 Rb4 18. b3 Nh5 19. Rae1 Rh4 20. Qf2 g5 21. f4 Qd8 22. Bxh5 Rxh5 23. Qe2 1-0

[Event "FIDE CB Open 2022"]
[Site "Ceske Budejovice"]
[Date "2022.07.02"]
[Round "2.32"]
[White "Havelka, Josef"]
[Black "Holub, Adam"]
[Result "1/2-1/2"]
[ECO "C67"]
[WhiteElo "2396"]
[BlackElo "1817"]
[Annotator "RC"]
[PlyCount "77"]
[EventDate "2022.07.01"]
[EventType "swiss"]
[EventCountry "CZE"]
[SourceTitle "playchess.com"]
[Source "ChessBase"]
[SourceQuality "1"]
[TimeControl "40/5400+30:1800+30"]

1. e4 e5 2. Nf3 Nc6 3. Bb5 Nf6 4. O-O Nxe4 5. d4 Nd6 6. Bxc6 dxc6 7. dxe5 Nf5 8. Qxd8+ Kxd8 9. Rd1+ Ke8 10. h3 h5 11. Nc3 Be7 12. Bg5 Be6 13. Bxe7 Kxe7 14. Ng5 Rad8 15. Ne2 Bc4 16. Nf4 Nd4 17. b3 Ne2+ 18. Nxe2 Bxe2 19. Re1 Rd2 20. Rac1 Rhd8 21. Ne4 Rd1 22. f4 Rxc1 23. Rxc1 Rd1+ 24. Rxd1 Bxd1 25. c3 a5 26. Kf2 b6 27. Ke3 Bc2 28. b4 a4 29. a3 f6 30. exf6+ gxf6 31. f5 h4 32. Kf4 Bxe4 33. Kxe4 Kd6 34. Kf4 Kd5 35. Kg4 Kc4 36. Kxh4 Kb3 37. g4 Kxa3 38. g5 fxg5+ 39. Kxg5 1/2-1/2

[Event "FIDE CB Open 2022"]
[Site "Ceske Budejovice"]
[Date "2022.07.02"]
[Round "2.33"]
[White "Hiermann, Dietmar"]
[Black "Rucabado, Stefan"]
[Result "1-0"]
[ECO "C07"]
[WhiteElo "2224"]
[BlackElo "1809"]
[Annotator "ChessBase"]
[PlyCount "55"]
[EventDate "2022.07.01"]
[EventType "swiss"]
[EventCountry "CZE"]
[SourceTitle "playchess.com"]
[Source "ChessBase"]
[SourceQuality "1"]
[TimeControl "40/5400+30:1800+30"]

1. e4 e6 2. d4 d5 3. Nd2 c5 4. exd5 Qxd5 5. Ngf3 cxd4 6. Bc4 Qd6 7. Qe2 Nf6 8. Nb3 Nc6 9. Bg5 a6 10. O-O-O b5 11. Bd3 Be7 12. Nfxd4 Bb7 13. Kb1 Qc7 14. Nxc6 Bxc6 15. f3 Nd5 16. Bxe7 Kxe7 17. Be4 Nf4 18. Qe3 Bxe4 19. Qxe4 Rhc8 20. Rd2 Ng6 21. g3 Qe5 22. Qb4+ Ke8 23. f4 a5 24. Nxa5 Qb8 25. a3 Qb6 26. Nb3 Ne7 27. Qd4 Nf5 28. Qxb6 1-0

[Event "FIDE CB Open 2022"]
[Site "Ceske Budejovice"]
[Date "2022.07.02"]
[Round "2.34"]
[White "Zima, Jan"]
[Black "Steinbauer, Sebastian"]
[Result "1-0"]
[ECO "C24"]
[WhiteElo "2134"]
[BlackElo "1808"]
[Annotator "NA RC"]
[PlyCount "39"]
[EventDate "2022.07.01"]
[EventType "swiss"]
[EventCountry "CZE"]
[SourceTitle "playchess.com"]
[Source "ChessBase"]
[SourceQuality "1"]
[TimeControl "40/5400+30:1800+30"]

1. e4 e5 2. Bc4 Nf6 3. d4 Nxe4 4. dxe5 c6 5. Qe2 Nc5 6. a3 Ne6 7. Nf3 Bc5 8. Nc3 O-O 9. Ne4 Nd4 10. Nxd4 Bxd4 11. Ng5 Qa5+ 12. c3 Bxe5 13. Qh5 Bxc3+ 14. bxc3 Qxc3+ 15. Kd1 Qd4+ 16. Bd2 h6 17. Bxf7+ Kh8 18. Qg6 Qg4+ 19. f3 Qa4+ 20. Kc1 1-0

[Event "FIDE CB Open 2022"]
[Site "Ceske Budejovice"]
[Date "2022.07.02"]
[Round "2.35"]
[White "Pavlicek, Petr"]
[Black "Johannsson, Birkir Isak"]
[Result "0-1"]
[ECO "E04"]
[WhiteElo "1806"]
[BlackElo "2131"]
[Annotator "NA RC"]
[PlyCount "72"]
[EventDate "2022.07.01"]
[EventType "swiss"]
[EventCountry "CZE"]
[SourceTitle "playchess.com"]
[Source "ChessBase"]
[SourceQuality "1"]
[TimeControl "40/5400+30:1800+30"]

1. c4 e6 2. Nf3 d5 3. d4 Nf6 4. g3 dxc4 5. Bg2 c6 6. Ne5 Bb4+ 7. Nc3 Nd5 8. Bd2 Nb6 9. e3 N8d7 10. Nxd7 Bxd7 11. O-O O-O 12. Na4 Bxd2 13. Nxb6 axb6 14. Qxd2 Qe7 15. b3 cxb3 16. axb3 Rfd8 17. Qc3 g6 18. h4 h5 19. Rxa8 Rxa8 20. Ra1 Ra3 21. Qb2 Ra6 22. b4 Be8 23. Ra3 Qd8 24. Bf1 Rxa3 25. Qxa3 Qb8 26. b5 cxb5 27. Qb4 Qc7 28. Bxb5 Bxb5 29. Qxb5 Qc1+ 30. Kh2 Qc6 31. Qe5 Qd5 32. Qf6 b5 33. f3 Qf5 34. Qd8+ Kg7 35. Kg2 Qc2+ 36. Kh3 Qd1 0-1

[Event "FIDE CB Open 2022"]
[Site "Ceske Budejovice"]
[Date "2022.07.02"]
[Round "2.36"]
[White "Vrchotka, Josef"]
[Black "Rosol, Philip"]
[Result "1-0"]
[ECO "B22"]
[WhiteElo "1959"]
[BlackElo "1741"]
[Annotator "NA RC"]
[PlyCount "78"]
[EventDate "2022.07.01"]
[EventType "swiss"]
[EventCountry "CZE"]
[SourceTitle "playchess.com"]
[Source "ChessBase"]
[SourceQuality "1"]
[TimeControl "40/5400+30:1800+30"]

1. e4 c5 2. c3 Nf6 3. e5 Nd5 4. d4 cxd4 5. Nf3 Nc6 6. cxd4 e6 7. Nc3 Nxc3 8. bxc3 d6 9. Bf4 dxe5 10. Nxe5 Nxe5 11. Bxe5 Bd7 12. Bd3 Rc8 13. Qb3 Bc6 14. Bb5 Qd7 15. Bxc6 Qxc6 16. O-O b6 17. Rfd1 Be7 18. d5 exd5 19. Bxg7 Rg8 20. Bd4 h5 21. Rd3 h4 22. Re3 Kf8 23. Qd1 Qg6 24. Qf3 Qd6 25. Rae1 Bg5 26. Re5 Rd8 27. Rf5 Qd7 28. Ree5 Re8 29. h3 Rxe5 30. Rxe5 Qb5 31. Rf5 Qd7 32. Rxd5 Qe6 33. Be5 Be7 34. Bf4 Qg6 35. Rd7 Bc5 36. Be5 Ke8 37. Rxa7 Be7 38. Qd5 Qb1+ 39. Kh2 Qc1 1-0

[Event "FIDE CB Open 2022"]
[Site "Ceske Budejovice"]
[Date "2022.07.02"]
[Round "2.37"]
[White "Nejdl, Eduard"]
[Black "Petirova, Iva"]
[Result "1/2-1/2"]
[ECO "C60"]
[WhiteElo "1951"]
[BlackElo "1722"]
[Annotator "NA RC"]
[PlyCount "119"]
[EventDate "2022.07.01"]
[EventType "swiss"]
[EventCountry "CZE"]
[SourceTitle "playchess.com"]
[Source "ChessBase"]
[SourceQuality "1"]
[TimeControl "40/5400+30:1800+30"]

1. e4 e5 2. Nf3 Nc6 3. Bb5 Nge7 4. O-O g6 5. c3 Bg7 6. d4 exd4 7. cxd4 O-O 8. d5 Ne5 9. Nxe5 Bxe5 10. f4 Bg7 11. Bc4 d6 12. Nc3 Kh8 13. f5 gxf5 14. exf5 Bxf5 15. Bg5 Bg6 16. g4 Qd7 17. Bf6 Bxf6 18. Rxf6 Ng8 19. Rf4 Rae8 20. Nb5 f5 21. g5 Re4 22. Rxe4 fxe4 23. Qd4+ Qg7 24. Qxg7+ Kxg7 25. Rf1 Rc8 26. Nxa7 Re8 27. Nb5 Re5 28. h4 Ne7 29. Nxc7 Bf7 30. Rd1 e3 31. Nb5 Nf5 32. a4 Nxh4 33. Nxd6 e2 34. Re1 Nf3+ 35. Kf2 Nxe1 36. Kxe1 b6 37. Nxf7 Kxf7 38. Bxe2 Ke7 39. Kf2 Rxg5 40. Bf3 Kd6 41. b4 Rg7 42. a5 bxa5 43. bxa5 h6 44. Be4 Ra7 45. Kg3 Ke5 46. Bf3 Rxa5 47. Kg4 Ra3 48. Bg2 Ra2 49. Bf3 Rf2 50. Kg3 Rf1 51. Bg2 Rf4 52. Bf3 Rd4 53. Bg2 Kf5 54. Bh3+ Kg5 55. Be6 Rd3+ 56. Kg2 h5 57. Bf7 Kg4 58. Be6+ Kf4 59. Kh2 Kg5 60. Kg2 1/2-1/2

[Event "FIDE CB Open 2022"]
[Site "Ceske Budejovice"]
[Date "2022.07.02"]
[Round "2.38"]
[White "Schmied, Eva-Maria"]
[Black "Lang, Simon"]
[Result "0-1"]
[ECO "B81"]
[WhiteElo "1718"]
[BlackElo "1942"]
[Annotator "NA RC"]
[PlyCount "82"]
[EventDate "2022.07.01"]
[EventType "swiss"]
[EventCountry "CZE"]
[SourceTitle "playchess.com"]
[Source "ChessBase"]
[SourceQuality "1"]
[TimeControl "40/5400+30:1800+30"]

1. e4 c5 2. Nf3 d6 3. d4 cxd4 4. Nxd4 Nf6 5. Nc3 e6 6. h3 a6 7. g4 h6 8. Be3 Nc6 9. Bg2 Ne5 10. Qe2 g5 11. f4 gxf4 12. Bxf4 Qc7 13. O-O-O Bd7 14. Rhf1 Be7 15. g5 hxg5 16. Bxg5 Nd5 17. exd5 Bxg5+ 18. Kb1 O-O-O 19. Nf3 Bf6 20. Nxe5 Bxe5 21. Rxf7 Bxc3 22. bxc3 e5 23. Qe3 Rh4 24. Rdf1 Ra4 25. Rf8 Be8 26. Kb2 Qa5 27. Ra1 Kb8 28. Bf3 Qb5+ 29. Kc1 Qf1+ 30. Kb2 Qb5+ 31. Kc1 Qf1+ 32. Kb2 Qxh3 33. Rh1 Qd7 34. Qb6 Rc4 35. Rhh8 Rdc8 36. Qb3 R4c5 37. Be2 Ka7 38. Bd3 e4 39. Bf1 Qg7 40. Rxe8 Rxc3 41. Rxc8 Rxc8+ 0-1

[Event "FIDE CB Open 2022"]
[Site "Ceske Budejovice"]
[Date "2022.07.02"]
[Round "2.39"]
[White "Tsifanskaya, Ludmila A"]
[Black "Nagyova, Daniela"]
[Result "1-0"]
[ECO "A08"]
[WhiteElo "1941"]
[BlackElo "1712"]
[Annotator "NA RC"]
[PlyCount "87"]
[EventDate "2022.07.01"]
[EventType "swiss"]
[EventCountry "CZE"]
[SourceTitle "playchess.com"]
[Source "ChessBase"]
[SourceQuality "1"]
[TimeControl "40/5400+30:1800+30"]

1. Nf3 d5 2. g3 e6 3. Bg2 Nf6 4. O-O Be7 5. d3 b6 6. Nbd2 Bb7 7. e4 c5 8. Re1 O-O 9. e5 Ne8 10. c3 Nc7 11. Nf1 Nd7 12. h4 f6 13. exf6 Bxf6 14. Bf4 Re8 15. Ne5 Nxe5 16. Bxe5 Bxe5 17. Rxe5 Qf6 18. f4 Rab8 19. Nh2 Nb5 20. Ng4 Qd8 21. Qe2 Qd6 22. Re1 Nc7 23. Rg5 Re7 24. f5 Rf8 25. f6 Rd7 26. fxg7 Rxg7 27. Rxg7+ Kxg7 28. Qe3 Rf5 29. Qh6+ Kh8 30. Rf1 Rxf1+ 31. Kxf1 Qe7 32. Qf4 Qg7 33. h5 Bc8 34. h6 Qe7 35. Qe5+ Kg8 36. Nf6+ Kf8 37. Kg1 Ba6 38. Qg5 Qf7 39. c4 Ne8 40. Nxe8 Kxe8 41. cxd5 Bxd3 42. Qe5 Qe7 43. dxe6 Bb5 44. Qh8+ 1-0

[Event "FIDE CB Open 2022"]
[Site "Ceske Budejovice"]
[Date "2022.07.02"]
[Round "2.40"]
[White "Zednicek, Filip"]
[Black "Hlavac, Rudolf"]
[Result "0-1"]
[ECO "B22"]
[WhiteElo "1688"]
[BlackElo "1931"]
[Annotator "NA RC"]
[PlyCount "78"]
[EventDate "2022.07.01"]
[EventType "swiss"]
[EventCountry "CZE"]
[SourceTitle "playchess.com"]
[Source "ChessBase"]
[SourceQuality "1"]
[TimeControl "40/5400+30:1800+30"]

1. e4 c5 2. c3 d5 3. exd5 Qxd5 4. d4 Nf6 5. Nf3 e6 6. Na3 Qd8 7. Bf4 Nc6 8. dxc5 Nd5 9. Bd6 Bxd6 10. cxd6 Qxd6 11. Nb5 Qb8 12. c4 Nf6 13. Nd6+ Ke7 14. c5 b6 15. Bb5 Bd7 16. Bxc6 Bxc6 17. Ne5 Bd5 18. Qxd5 exd5 19. Nc6+ Ke6 20. Nxb8 Raxb8 21. b4 bxc5 22. bxc5 Nd7 23. c6 Kxd6 24. cxd7 Rhd8 25. O-O Rxd7 26. Rfd1 Rb2 27. Rd3 Rdb7 28. Rad1 R7b5 29. a3 R2b3 30. g3 Rxd3 31. Rxd3 a5 32. Kg2 g6 33. Kf3 a4 34. Ke3 Rc5 35. h4 h5 36. f3 Rc4 37. Kd2 d4 38. g4 Kd5 39. Ke2 Rc2+ 0-1

[Event "FIDE CB Open 2022"]
[Site "Ceske Budejovice"]
[Date "2022.07.02"]
[Round "2.41"]
[White "Milovs, Daniels"]
[Black "Rybackova, Lucie"]
[Result "1-0"]
[ECO "B01"]
[WhiteElo "1926"]
[BlackElo "1696"]
[Annotator "NA RC"]
[PlyCount "80"]
[EventDate "2022.07.01"]
[EventType "swiss"]
[EventCountry "CZE"]
[SourceTitle "playchess.com"]
[Source "ChessBase"]
[SourceQuality "1"]
[TimeControl "40/5400+30:1800+30"]

1. e4 d5 2. exd5 Qxd5 3. Nc3 Nf6 4. Bc4 Qa5 5. d3 c6 6. Bd2 Qc7 7. h3 e6 8. Qe2 Nbd7 9. Nf3 Be7 10. a4 Nb6 11. Bb3 Nbd5 12. Ne5 Nd7 13. d4 Nxe5 14. dxe5 Nxc3 15. Bxc3 Bd7 16. O-O O-O 17. Bc4 Rab8 18. Bd3 Rfd8 19. h4 c5 20. h5 Bc6 21. h6 g6 22. Qg4 Bf8 23. Qf4 b6 24. Rfd1 Bb7 25. Bf1 Rd7 26. Rd6 Qd8 27. Rad1 Bc8 28. Rxd7 Bxd7 29. Bb5 Rb7 30. Qd2 Qh4 31. Bxd7 Bxh6 32. Qd3 Qh5 33. Qf3 Qxf3 34. gxf3 Bf4 35. Bb5 Kf8 36. Rd8+ Kg7 37. Rd1 Kf8 38. Re1 Ke7 39. Re2 Rb8 40. Kg2 h6 1-0

[Event "FIDE CB Open 2022"]
[Site "Ceske Budejovice"]
[Date "2022.07.02"]
[Round "2.42"]
[White "Rybacek, Martin"]
[Black "Svanda, Adam"]
[Result "0-1"]
[ECO "B38"]
[WhiteElo "1650"]
[BlackElo "1918"]
[Annotator "NA RC"]
[PlyCount "125"]
[EventDate "2022.07.01"]
[EventType "swiss"]
[EventCountry "CZE"]
[SourceTitle "playchess.com"]
[Source "ChessBase"]
[SourceQuality "1"]
[TimeControl "40/5400+30:1800+30"]

1. Nf3 c5 2. c4 g6 3. Nc3 Bg7 4. d4 cxd4 5. Nxd4 Nc6 6. Nxc6 bxc6 7. e4 d6 8. Be3 Nf6 9. Be2 O-O 10. O-O Be6 11. Qd2 Ng4 12. Bxg4 Bxg4 13. Bh6 Qb6 14. Bxg7 Kxg7 15. Rab1 Rad8 16. Kh1 Be6 17. b3 f5 18. Rbe1 Rfe8 19. Qg5 h6 20. Qg3 Qd4 21. Ne2 Qe5 22. exf5 Qxg3 23. Nxg3 Bxf5 24. Nxf5+ gxf5 25. Re6 h5 26. Rfe1 Kf7 27. g3 Rd7 28. Kg2 Rg8 29. Rh6 e5 30. Rxh5 Kg6 31. Rh4 Re8 32. c5 d5 33. Ra4 d4 34. Ra6 Re6 35. Kf3 e4+ 36. Ke2 f4 37. gxf4 Kf5 38. Rg1 Kxf4 39. Rg3 Rh7 40. h3 Reh6 41. Ra4 Rd7 42. Rg4+ Kf5 43. Rg3 Rh4 44. Rb4 Ke5 45. Rf3 e3 46. Ke1 exf2+ 47. Kxf2 Kd5 48. Rc4 Re7 49. Rd3 Rg7 50. Rg3 Rf4+ 51. Kg2 Rxg3+ 52. Kxg3 Rf8 53. Rc2 d3 54. Rf2 Re8 55. h4 Kd4 56. Rf4+ Ke3 57. Rf3+ Ke2 58. Rf2+ Ke1 59. Rb2 d2 60. Rb1+ d1=Q 61. Rxd1+ Kxd1 62. h5 Kc2 63. Kf4 0-1